 Dungeon Crawl Stone Soup version 0.23.2-33-g5129a83184 (webtiles) character file.

Game seed: 12132876847270033914

44 Lauz the Shield-Bearer (level 3, 0/24 HPs)
             Began as a Gargoyle Fighter on July 9, 2019.
             Slain by a goblin (3 damage)
             ... led by Robin
             ... on level 1 of the Dungeon.
             The game lasted 00:02:24 (1414 turns).

Lauz the Shield-Bearer (Gargoyle Fighter)           Turns: 1414, Time: 00:02:25

Health: 0/24       AC: 11    Str: 17    XL:     3   Next: 62%
Magic:  3/3        EV:  7    Int:  9    God:
Gold:   98         SH:  9    Dex:  9    Spells: 2/2 levels left

rFire    . . .     SeeInvis .   a - +0 flail
rCold    . . .     Gourm    .   c - +0 shield
rNeg     + . .     Faith    .   b - +0 scale mail
rPois    ∞         Spirit   .   (no helmet)
rElec    +         Reflect  .   (no cloak)
rCorr    .         Harm     .   j - +0 pair of gloves
MR       .....                  (no boots)
Stlth    ..........             (no amulet)
HPRegen  0.08/turn              m - -2 ring of strength (curse)
MPRegen  0.08/turn              (no ring)

@: no status effects
A: negative energy resistance 1, electricity resistance, unbreathing,
petrification resistance, rot immunity, AC +3
a: no special abilities


You were on level 1 of the Dungeon.
You were hungry.

You visited 1 branch of the dungeon, and saw 2 of its levels.

You collected 98 gold pieces.

Inventory:

Hand Weapons
 a - a +0 flail (weapon)
Armour
 b - a +0 scale mail (worn)
 c - a +0 shield (worn)
 j - a +0 pair of gloves (worn)
Jewellery
 m - a cursed -2 ring of strength (left hand)
Wands
 o - a wand of clouds (5)
Scrolls
 e - a scroll of teleportation
 n - a scroll of remove curse {unknown}
Potions
 d - 2 potions of might
 g - a potion of mutation
 h - a potion of agility {unknown}
 i - 2 potions of degeneration {unknown}
 k - a potion of heal wounds {unknown}
 l - a potion of curing {unknown}
Comestibles
 f - 9 rations


   Skills:
 + Level 3.7 Fighting
 + Level 2.3 Maces & Flails
 + Level 3.6 Armour
 + Level 1.0 Dodging
 + Level 3.7 Shields


You had 2 spell levels left.
You didn't know any spells.
Your spell library was empty.

Dungeon Overview and Level Annotations

Branches:
Dungeon (2/15)

Altars:

Annotations:
D:2 Robin


Innate Abilities, Weirdness & Mutations

You are resistant to torment.
Your stone body is resilient. (AC +3)
You are immune to poison.
You resist negative energy. (rN+)
You are resistant to electric shocks. (rElec)
You can survive without breathing.
You are immune to petrification.
You are immune to rotting.


Message History

The adder is severely wounded.
The adder bites you but does no damage. The goblin hits you but does no damage.
The adder bites you. The goblin closely misses you.
You block the goblin's attack. x2
You sock the adder!
You kill the adder!
Your Dodging skill increases to level 1!
The goblin barely misses you. You block the goblin's attack.
The goblin barely misses you.
You sock the goblin!
You kill the goblin!
The goblin hits you but does no damage. You block the goblin's attack.
The goblin hits you.
* * * LOW HITPOINT WARNING * * *
The goblin hits you.
* * * LOW HITPOINT WARNING * * *
You barely miss the goblin.
The goblin no longer looks unusually strong.
The goblin hits you.
You die...

##.#.##...###.##..............##.
...#.##...# #..#..............##.
####)##...# ##(#..............##.
.....##...####.#.########.....##.
......'...'.................####.
#######...####...##########.####.
#######..........................
.....(#.#######)†##########.#####
#####.#.# #g@# #.# ....#.#.# ##g#
#.# ###.#.#.# #.# #.# ..#.#.#.#
#.# #.# ..#.#.#.# #.##########.#
.##.#.#.# #............#
.##...#.# ##############
.######.# .# #.#


You could see 2 goblins.

Vanquished Creatures
  An adder (D:1)
  2 dart slugs (D:1)
  A leopard gecko (D:1)
  5 bats
  A giant cockroach (D:2)
  4 goblins
  4 hobgoblins (D:1)
  4 jackals (D:1)
  A kobold (D:1)
  4 frilled lizards
27 creatures vanquished.

Notes
Turn   | Place    | Note
-------+----------+-------------------------------------------
     0 | D:1      | Lauz the Gargoyle Fighter began the quest for the Orb.
     0 | D:1      | Reached XP level 1. HP: 14/14 MP: 1/1
   162 | D:1      | Reached XP level 2. HP: 13/19 MP: 2/2
   792 | D:1      | Reached XP level 3. HP: 23/23 MP: 3/3
  1375 | D:2      | Noticed Robin
  1412 | D:1      | Reached skill level 1 in Dodging
  1414 | D:1      | Slain by a goblin

Skill      XL: |  1  2  3 |
---------------+----------+-----
Dodging        | 1 |  1.0
Fighting       | |  3.7
Maces & Flails | |  2.3
Armour         | |  3.6
Shields        | |  3.7

Action                   || total
-------------------------++-------
Melee: Flail             ||   107
  Use: Scroll            ||     4
  Eat: Chunk             ||     1
Armor: Scale mail        ||   113
Dodge: Dodged            ||    45
Block: Shield            ||    80
